cohdb
Replays
Latest Replays
All Replays
Popular Replays
Top Player Replays
Match Explorer
How It Works
Community
CoH3 Stats
Reddit
Sign in to upload your games and track your stats! →
Sign in with Steam
Match 44092718
Unlisted
Match 44092718
Overview
Messages
Build Orders
End
Panzerpioneer Squad
Selects Panzerjäger Kommand Battlegroup
Selects Mine Fields
250 Light Carrier
Panzerpioneer Squad
250 Light Carrier
Construct Light Support Kompanie
Panzerjäger Squad
Selects GrB 39 Grenade Launcher Requisition
250 Light Carrier
Assault Mechanized Group
Construct Mechanized Kompanie
Selects Defensive Positions
8 Rad Armored Car
Selects Defensive Positions
Selects Defensive Positions
Assault Grenadier Squad
Vehicle Survival Package
Selects Butterfly Bomb Drop
Butterfly Bomb Drop
Marder III Tank Destroyer
Assault Mechanized Group
iceman
ZERO.ua
ParryBow
⚅ luke
Frank Drebin
Karcist
0
0
Comments
sign in to comment!
No comments posted yet!